 Dungeon Crawl Stone Soup version 0.26-a0-201-gb271ac0e06 (webtiles) character file.

Game seed: 466887839296224923

4186 Flugkiller the Arsonist (level 10, -2/57 HPs)
             Began as an Octopode Fire Elementalist on July 5, 2020.
             Was an Elder of Cheibriados.
             Slain by a two-headed ogre
             ... wielding a +0 giant spiked club
              (36 damage)
             ... on level 8 of the Dungeon.
             The game lasted 00:43:32 (2315 turns).

Flugkiller the Arsonist (OpFE)                      Turns: 2315, Time: 00:43:33

Health: -2/57      AC:  1    Str: 20    XL:     10   Next: 29%
Magic:  1/16       EV: 15    Int: 33    God:    Cheibriados [****..]
Gold:   127        SH:  0    Dex: 24    Spells: 4/17 levels left

rFire    + . .     SeeInvis .   G - +7 trident of Blood-Lust {vamp, Str+3}
rCold    + . .     Faith    .   (no shield)
rNeg     + . .     Spirit   .   (helmet restricted)
rPois    .         Reflect  .   (no amulet)
rElec    .         Harm     .   c - +6 ring of intelligence
rCorr    +                      t - ring of resist corrosion
MR       .....                  y - ring of protection from cold
Stlth    ++++......             C - ring of positive energy
HPRegen  0.19/turn              E - ring of protection from fire
MPRegen  0.15/turn              (no ring)
                                (no ring)
                                (no ring)

@: very slow
A: almost no armour, stealthy swim, amphibious, 8 rings, constrict 8, camouflage
1, gelatinous body 1
a: Bend Time, Temporal Distortion, Slouch, Renounce Religion


You were on level 8 of the Dungeon.
You worshipped Cheibriados.
Cheibriados was greatly pleased with you.
You were hungry.

You visited 2 branches of the dungeon, and saw 11 of its levels.

You collected 356 gold pieces.
You spent 229 gold pieces at shops.

Inventory:

Hand Weapons
 f - a +0 dagger
   (You took it off a goblin on level 1 of the Dungeon)
 n - a +2 dagger of freezing
   (You found it on level 7 of the Dungeon)
 w - a +0 quarterstaff
   (You found it on level 6 of the Dungeon)
 B - a +2 vorpal spear
   (You took it off a gnoll sergeant on level 8 of the Dungeon)
 G - the +7 trident of Blood-Lust (weapon) {vamp, Str+3}
   (You bought it in a shop on level 8 of the Dungeon)

   It inflicts no extra harm, but heals its wielder when it wounds a living foe.
   It affects your strength (+3).
Missiles
 a - 119 arrows
 x - 4 boomerangs (quivered)
 D - a throwing net
Armour
 k - a cursed +0 kite shield
   (You found it on level 2 of the Dungeon)
 s - a +0 tower shield
   (You found it on level 5 of the Dungeon)
Jewellery
 c - a +6 ring of intelligence (left tentacle)
   (You found it on level 1 of the Dungeon)
 t - a ring of resist corrosion (right tentacle)
   (You found it on level 5 of the Dungeon)
 y - a ring of protection from cold (on tentacle)
   (You found it on level 7 of the Dungeon)
 C - a ring of positive energy (on tentacle)
   (You took it off a gnoll on level 8 of the Dungeon)
 E - a ring of protection from fire (on tentacle)
   (You found it on level 10 of the Dungeon)
Wands
 r - a wand of digging (11)
   (You took it off Psyche on level 9 of the Dungeon)
Scrolls
 e - a scroll of blinking {unknown}
 g - a scroll of fog {unknown}
 h - a scroll of magic mapping
 i - a scroll of amnesia {unknown}
 l - a scroll of noise {unknown}
 m - 2 scrolls of fear
 p - 2 scrolls of random uselessness {unknown}
 q - a scroll of remove curse
 A - a scroll of enchant weapon
Potions
 d - a potion of berserk rage
 j - 3 potions of heal wounds
 o - a potion of brilliance
 u - 2 potions of haste
 v - 3 potions of curing
 z - a potion of degeneration {unknown}
 F - a potion of ambrosia {unknown}
Comestibles
 b - 7 rations


   Skills:
 + Level 0.8 Fighting
 * Level 2.5 Dodging
 - Level 2.6 Stealth
 - Level 4.0 Spellcasting
 - Level 9.9 Conjurations
 - Level 10.3 Fire Magic
 + Level 0.9 Invocations


You had 4 spell levels left.
You knew the following spells:

 Your Spells              Type           Power        Failure   Level  Hunger
a - Foxfire               Conj/Fire      ####         1%          1    None
b - Inner Flame           Hex/Fire       #####...     1%          3    #......
d - Sticky Flame          Conj/Fire      ######..     1%          4    ###....
e - Fireball              Conj/Fire      ######....   2%          5    #####..

Your spell library contained the following spells:

 Spells                   Type           Power        Failure   Level  Hunger
 Conjure Flame            Conj/Fire      ######..     1%          3    #......


Dungeon Overview and Level Annotations

Branches:
Dungeon (10/15)            Temple (1/1) D:5             Orc (0/2) D:9
   Lair: D:8-11

Altars:
Ashenzari
Cheibriados
Dithmenos
Fedhas
Gozag
Hepliaklqana
Makhleb
Nemelex Xobeh
Okawaru
Qazlal
Ru
Sif Muna
Trog
Uskayaw
Vehumet
Wu Jian
Xom
Yredelemnul
Zin
The Shining One

Shops:
D:8 }[(

Annotations:
D:7 exclusions: goblin and 1 more exclusion, Joseph
D:8 Erica
D:9 Gastronok


Innate Abilities, Weirdness & Mutations

You cannot wear most types of armour.
You are very stealthy in the water. (Stealth+)
You are amphibious.
You can wear up to eight rings at the same time.
You can use your tentacles to constrict eight enemies at once.
Your skin changes colour to match your surroundings (Stealth+).
Your rubbery body absorbs attacks. (AC +1, EV +1)


Message History

The foxfire hits the hungry ghost.
The hungry ghost is moderately damaged.
There is a stone staircase leading up here.
You climb upwards.
Level annotation: Erica
There is a stone staircase leading down here.
There is an entrance to Zolumut's Antique Weapon Shop here.
G - a jewelled trident Thank you for shopping at Zolumut's Antique Weapon Shop!
You feel stronger.
You feel a sense of dread.
G - the +7 trident of Blood-Lust (weapon)
{vamp, Str+3}
Found Biynamp's Antique Armour Shoppe.
There is an entrance to Biynamp's Antique Armour Shoppe here.
You can access your shopping list by pressing '$'.
Okay, then.
Found a short sword.
Casting: Foxfire (safe; 1% risk of failure)
Confirm with . or Enter, or press ? or * to list all spells.
Aiming: Fireball (dangerous; 2% risk of failure)
Press: ? - help, Shift-Dir - straight line, f - two-headed ogre
Aim: a two-headed ogre, wielding two +0 giant spiked clubs (wandering, hasn't noticed you)
The fireball explodes!
The fireball engulfs the two-headed ogre!
The two-headed ogre is moderately wounded.
The two-headed ogre shouts in stereo!
Casting: Fireball (dangerous; 2% risk of failure)
Confirm with . or Enter, or press ? or * to list all spells.
Aiming: Fireball (dangerous; 2% risk of failure)
Press: ? - help, Shift-Dir - straight line, f/p - two-headed ogre
Aim: a two-headed ogre, wielding two +0 giant spiked clubs (moderately wounded)
The fireball explodes!
The fireball engulfs the two-headed ogre!!
The two-headed ogre is severely wounded.
Casting: Fireball (dangerous; 2% risk of failure)
Confirm with . or Enter, or press ? or * to list all spells.
Aiming: Fireball (dangerous; 2% risk of failure)
Press: ? - help, Shift-Dir - straight line, f/p - two-headed ogre
Aim: a two-headed ogre, wielding two +0 giant spiked clubs (severely wounded)
The fireball explodes!
The fireball engulfs the two-headed ogre!
The two-headed ogre is almost dead.
You are feeling hungry.
Unknown command.
You closely miss the two-headed ogre.
You squeeze the two-headed ogre, but do no damage.
The two-headed ogre is almost dead.
The two-headed ogre hits you with a +0 giant spiked club!!!
Ouch! That really hurt!
You die...

..##..{..)........... ##.......
.##....).......####...###........
##...).{......## #..##..........
.###..).........###..............
.####O..........#..............##
.##........#.##....###.........#
.[#........#......###...........#
.))).......#....O..#......##....#
.)..#....###....@.........##.####
##...#....#.#.##...........###
.##..####.# ##..♣.........#
###.## ... #.♣.∩.♣###.....# ###
.. ##.#♣## ##..### #.. #.# #.).
## ###. ##


You could see a two-headed ogre.

Vanquished Creatures
  Erolcha (D:9)
  A two-headed ogre (D:9)
  Psyche (D:9)
  Prince Ribbit (D:7)
  A vampire (D:9)
  A sky beast (D:5)
  A black bear (D:6)
  3 orc warriors
  A phantom (D:8)
  3 ogres
  2 centaurs
  A big kobold (D:8)
  A bullfrog (D:6)
  A gnoll sergeant (D:8)
  2 scorpions
  2 centaur zombies
  3 jellies
  3 hounds
  3 orc priests
  Jessica (D:2)
  8 orc wizards
  4 worker ants
  A worker ant zombie (D:5)
  9 gnolls
  6 adders
  A howler monkey skeleton (D:5)
  A white imp (D:7)
  2 ufetubi
  An adder skeleton (D:9)
  2 worms
  2 leopard geckos
  31 orcs
  4 goblins
  3 hobgoblins
  10 jackals
  3 quokkas
  A ball python (D:5)
  2 bats
  A frilled lizard (D:3)
  7 kobolds
  3 rats
135 creatures vanquished.

Vanquished Creatures (others)
  An orc (D:8)
  326 foxfires
  A plant (D:8)
328 creatures vanquished.

Grand Total: 463 creatures vanquished

Notes
Turn   | Place    | Note
-------+----------+-------------------------------------------
     0 | D:1      | Flugkiller the Octopode Fire Elementalist began the quest
                  | for the Orb.
     0 | D:1      | Reached XP level 1. HP: 11/11 MP: 3/3
    35 | D:1      | Found a sparkling altar of Nemelex Xobeh.
   208 | D:2      | Reached XP level 2. HP: 17/17 MP: 0/5
   293 | D:2      | Found a sacrificial altar of Ru.
   384 | D:2      | Reached XP level 3. HP: 21/21 MP: 3/6
   398 | D:2      | Found a shadowy altar of Dithmenos.
   399 | D:2      | Noticed Jessica
   404 | D:2      | Killed Jessica
   462 | D:3      | Reached XP level 4. HP: 27/27 MP: 4/7
   556 | D:4      | Reached skill level 4 in Fire Magic
   587 | D:4      | Reached XP level 5. HP: 20/31 MP: 1/9
   599 | D:4      | HP: 1/31 [jackal (2)]
   630 | D:5      | Entered Level 5 of the Dungeon
   630 | D:5      | Noticed a sky beast
   659 | D:5      | HP: 1/31 [worker ant (6)]
   666 | D:5      | Found a staircase to the Ecumenical Temple.
   672 | Temple   | Entered the Ecumenical Temple
   740 | Temple   | Became a worshipper of Cheibriados the Contemplative
   763 | D:5      | Learned a level 3 spell: Inner Flame
   768 | D:5      | Learned a level 4 spell: Sticky Flame
   865 | D:5      | Killed a sky beast
   865 | D:5      | Reached XP level 6. HP: 20/36 MP: 4/10
   884 | D:5      | Reached skill level 5 in Fire Magic
   923 | D:5      | Reached XP level 7. HP: 24/41 MP: 2/12
  1091 | D:6      | Reached skill level 5 in Conjurations
  1119 | D:7      | Noticed Prince Ribbit
  1119 | D:7      | Reached * piety under Cheibriados
  1147 | D:6      | Reached skill level 6 in Fire Magic
  1204 | D:6      | Found a shimmering blue altar of Sif Muna.
  1297 | D:7      | Reached XP level 8. HP: 29/46 MP: 8/14
  1316 | D:7      | Noticed Joseph
  1353 | D:7      | Killed Prince Ribbit
  1357 | D:7      | Reached skill level 7 in Fire Magic
  1437 | D:7      | Learned a level 5 spell: Fireball
  1539 | D:8      | Found Zolumut's Antique Weapon Shop.
  1621 | D:8      | Found Eggoa's Gadget Shoppe.
  1657 | D:8      | Reached ** piety under Cheibriados
  1707 | D:8      | Reached skill level 8 in Fire Magic
  1707 | D:8      | Reached XP level 9. HP: 34/51 MP: 5/15
  1734 | D:8      | Found a hazy altar of Hepliaklqana.
  1823 | D:8      | Reached *** piety under Cheibriados
  1861 | D:8      | Noticed a two-headed ogre
  1866 | D:8      | Noticed Erica
  1896 | D:8      | Found an opulent altar of Gozag.
  1902 | D:9      | Noticed Psyche
  1905 | D:9      | Killed Psyche
  1905 | D:9      | Reached skill level 9 in Fire Magic
  1980 | D:9      | Noticed a two-headed ogre
  1984 | D:9      | Killed a two-headed ogre
  2009 | D:9      | Found a staircase to the Orcish Mines.
  2058 | D:9      | Noticed Erolcha
  2065 | D:9      | Killed Erolcha
  2065 | D:9      | Reached skill level 10 in Fire Magic
  2065 | D:9      | Reached XP level 10. HP: 11/56 MP: 0/16
  2160 | D:9      | Noticed Gastronok
  2162 | D:9      | Reached **** piety under Cheibriados
  2180 | D:9      | Noticed a two-headed ogre
  2201 | D:10     | Entered Level 10 of the Dungeon
  2212 | D:10     | Noticed a gargoyle
  2294 | D:8      | Bought a jewelled trident for 229 gold pieces
  2294 | D:8      | Identified the +7 trident of Blood-Lust {vamp, Str+3} (You
                  | bought it in a shop on level 8 of the Dungeon)
  2301 | D:8      | Found Biynamp's Antique Armour Shoppe.
  2315 | D:8      | Slain by a two-headed ogre

Illustrated notes

Levels and vault maps discovered:
D:1:      matt_arrival_refuge, layout_loops_cross,
          nemelex_xobeh_ov_fountains_minmay
D:2:      layout_rooms, lemuel_doored_altar, nicolae_ru_sacrificial_ziggurat,
          uniq_jessica
D:3:      layout_rooms, uniq_natasha
D:4:      layout_loops_ring, first_ration, serial_shops, nicolae_shop_waterfront
D:5:      layout_basic, minmay_temple_entry_hall, gammafunk_ghost_hive
D:6:      layout_layer_cave, nicolae_overflow_hidden_temple, basic_altar,
          uniq_sigmund
D:7:      layout_rooms, lemuel_blue_sif_altar, kennysheep_okawaru_gauntlet,
          uniq_prince_ribbit1, uniq_joseph
D:8:      layout_cave_pools, nicolae_overflow_crystal_walls,
          grunt_gozag_breadcrumbs, serial_shops, shop, nicolae_shop_trees,
          nicolae_shop_window_shopping, grunt_ministairs_11, hangedman_ranch
          [blue_anna_fruit_fields], kennysheep_big_empty_room, uniq_erica
D:9:      layout_cave_pods, david_orc_3, serial_glass, glass_columns_c,
          glass_columns_b, uniq_psyche, uniq_erolcha, uniq_gastronok
D:10:     layout_rooms, erik_lair_dragon, nicolae_wwwww, uniq_harold
Temple:   nicolae_temple_elliptical

Skill      XL: |  1  2  3  4  5  6  7  8  9 |
---------------+----------------------------+-----
Conjurations   | 2 3 4 5 7 9 |  9.9
Fire Magic     | 4 5 6 8 10 | 10.3
Spellcasting   | 3 4 |  4.0
Fighting       | |  0.8
Dodging        | |  2.5
Stealth        | |  2.6
Invocations    | |  0.9

Action                   |  1- 3 |  4- 6 |  7- 9 | 10-12 || total
-------------------------+-------+-------+-------+-------++-------
Melee: Dagger            |     3 |    40 |     5 |       ||    48
       Tentacles         |     2 |     8 |    20 |     1 ||    31
       Unarmed           |     1 |       |       |       ||     1
       Constrict         |     1 |     9 |    21 |     2 ||    33
       Quarterstaff      |       |       |    37 |       ||    37
       Spear             |       |       |    20 |     6 ||    26
       Trident           |       |       |       |     1 ||     1
Throw: Boomerang         |       |       |     1 |       ||     1
 Cast: Foxfire           |    21 |    47 |   110 |    12 ||   190
       Sticky Flame      |       |       |     9 |     3 ||    12
       Inner Flame       |       |       |     3 |     1 ||     4
       Fireball          |       |       |     5 |     4 ||     9
Invok: Bend Time         |       |       |     1 |       ||     1
  Use: Potion            |       |     2 |     3 |       ||     5
       Scroll            |       |       |    12 |     1 ||    13
 Stab: Sleeping          |     2 |       |       |       ||     2
  Eat: Ration            |       |       |     1 |     1 ||     2
       Chunk             |       |       |     1 |       ||     1
Armor: Skin              |       |     3 |     3 |     1 ||     7
Dodge: Dodged            |     2 |    57 |    61 |     9 ||   129

Table legend:
 A = Non-vault XP
 B = Vault XP
 C = Vault XP percentage of total XP
 D = Non-vault monster count
 E = Vault monster count
 F = Vault count percentage of total count
                 A         B        C        D         E       F
            +---------+---------+-------+---------+---------+-------
      Total |    4150 |    1830 |  30.6 |     124 |      11 |   8.1
            +---------+---------+-------+---------+---------+-------
        D:1 |       8 |       0 |   0.0 |       5 |       0 |   0.0
        D:2 |      36 |      37 |  50.7 |       8 |       1 |  11.1
        D:3 |      27 |       0 |   0.0 |       8 |       0 |   0.0
        D:4 |      76 |       0 |   0.0 |       6 |       0 |   0.0
        D:5 |     593 |       0 |   0.0 |      17 |       0 |   0.0
        D:6 |     386 |       0 |   0.0 |       6 |       0 |   0.0
        D:7 |     693 |     286 |  29.2 |      17 |       1 |   5.6
        D:8 |     943 |       0 |   0.0 |      43 |       0 |   0.0
        D:9 |    1385 |    1507 |  52.1 |      13 |       9 |  40.9
       D:10 |       3 |       0 |   0.0 |       1 |       0 |   0.0
            +---------+---------+-------+---------+---------+-------
